 Dungeon Crawl Stone Soup version 0.30-a0-6-g7c9e10e132 (webtiles) character file.

Game seed: 11656782139827823063

49 nickcage the Chopper (level 3, -1/30 HPs)
             Began as a Minotaur Gladiator on Aug 22, 2022.
             Slain by a gnoll
             ... wielding a +0 spear
              (4 damage)
             ... on level 2 of the Dungeon.
             The game lasted 00:02:03 (877 turns).

nickcage the Chopper (Minotaur Gladiator)            Turns: 877, Time: 00:02:03

Health: -1/30      AC:  6    Str: 20    XL:     3   Next: 53%
Magic:  2/2        EV: 11    Int:  5    God:
Gold:   16         SH:  0    Dex: 11    Spells: 2/2 levels left

rFire   . . .      SeeInvis .    a - +0 war axe
rCold   . . .      Faith    .    (no shield)
rNeg    . . .      Spirit   .    l - +0 ring mail
rPois   .          Reflect  .    c - +0 hat
rElec   .          Harm     .    (no cloak)
rCorr   .          Rampage  .    (no gloves)
Will    .....                    i - +0 pair of boots
Stlth   +.........               (no amulet)
HPRegen 0.10/turn                (no ring)
MPRegen 0.08/turn                (no ring)

@: no status effects
A: horns 2, retaliatory headbutt
a: no special abilities


You were on level 2 of the Dungeon.
You visited 1 branch of the dungeon, and saw 2 of its levels.

You collected 16 gold pieces.

Inventory:

Hand Weapons
 a - a +0 war axe (weapon)
Missiles
 d - 3 throwing nets
 e - a javelin
 h - 2 poisoned darts (quivered)
Armour
 b - a +0 leather armour
 c - a +0 hat (worn)
 i - a +0 pair of boots (worn)
 l - a +0 ring mail (worn)
Jewellery
 m - a +4 ring of protection
Scrolls
 g - a scroll of summoning {unknown}
 j - a scroll of blinking {unknown}
 n - a scroll of brand weapon {unknown}
Potions
 f - a potion of attraction {unknown}
 k - a potion of heal wounds {unknown}
 o - a potion of cancellation {unknown}


   Skills:
 - Level 2.4 Fighting
 + Level 5.6 Axes
 - Level 2.0 Throwing
 - Level 3.2 Dodging


You had 2 spell levels left.
You didn't know any spells.
Your spell library contained the following spells:

 Spells                   Type           Power      Damage    Failure   Level
 Portal Projectile        Hex/Tloc       0%         N/A       95%         3
 Tukima's Dance           Hex            0%         N/A       95%         3
 Blade Hands              Tmut           0%         N/A       100%        5


Dungeon Overview and Level Annotations

Branches:
Dungeon (2/15)

Altars:

Shops:
D:1 *


Innate Abilities, Weirdness & Mutations

You have a pair of horns on your head.
You reflexively headbutt those who attack you in melee.


Message History

The gnoll hits you but does no damage. The gnoll closely misses you.
You slash the gnoll!
The gnoll is severely wounded.
The gnoll barely misses you.
You slash the gnoll! Your headbutt misses the gnoll.
The gnoll is severely wounded.
The gnoll barely misses you. The gnoll hits you with a +0 club.
You hit the gnoll but do no damage.
The gnoll is severely wounded.
The gnoll hits you but does no damage. The gnoll closely misses you.
You closely miss the gnoll.
The gnoll is severely wounded.
The gnoll hits you from afar with a +0 spear!
The gnoll closely misses you.
You barely miss the gnoll.
The gnoll is severely wounded.
The gnoll hits you from afar with a +0 spear.
The gnoll completely misses you.
You hit the gnoll.
You kill the gnoll!
The gnoll hits you from afar with a +0 spear. x2
The frilled lizard bites you but does no damage.
You closely miss the frilled lizard.
The frilled lizard bites you but does no damage.
The gnoll barely misses you.
You miss the frilled lizard. The frilled lizard closely misses you.
The gnoll hits you from afar with a +0 spear!
* * * LOW HITPOINT WARNING * * *
You barely miss the frilled lizard.
Your headbutt misses the frilled lizard.
The frilled lizard bites you.
* * * LOW HITPOINT WARNING * * *
The gnoll hits you but does no damage.
You miss the frilled lizard. The frilled lizard barely misses you.
The gnoll hits you from afar with a +0 spear.
* * * LOW HITPOINT WARNING * * *
The frilled lizard barely misses you.
The gnoll hits you from afar with a +0 spear.
You die...

## g.g## #. g ..
##.#..g ###...#.
#...#..
.###.#..>#### #
..........g.# .#
###.##.###g#####..#
#.##.# #.ggl@...# .
##.##.# ########.#
#.##.†.#.###
#..........#
####...#.#.#
##.##.#... #.#.#.#
###
#.###..############
..# ##............#


You could see 3 gnolls and a frilled lizard.

Vanquished Creatures
  A gnoll (D:2)
  A dart slug (D:2)
  2 ball pythons
  7 endoplasms
  3 giant cockroaches
  4 hobgoblins
  A kobold (D:1)
  A quokka (D:2)
  2 frilled lizards
  4 goblins
  8 rats
34 creatures vanquished.

Notes
Turn   | Place    | Note
-------+----------+-------------------------------------------
     0 | D:1      | nickcage the Minotaur Gladiator began the quest for the
                  | Orb.
     0 | D:1      | Reached XP level 1. HP: 18/18 MP: 0/0
    52 | D:1      | Reached skill level 4 in Axes
   109 | D:1      | Reached XP level 2. HP: 23/25 MP: 1/1
   386 | D:1      | Found Meconat's Assorted Antiques.
   480 | D:1      | Found a faded altar of an unknown god.
   550 | D:1      | Reached skill level 5 in Axes
   680 | D:2      | Reached XP level 3. HP: 30/30 MP: 2/2
   877 | D:2      | Slain by a gnoll

Illustrated notes

Levels and vault maps discovered:
D:1:      onia_arrival_handbag, layout_basic,
          shapermc_ecumenical_altar_acropolis, serial_shops,
          nicolae_shop_statue_plus, amethyst_killhole,
          chequers_serial_rivers_room_b, minmay_pentomino_p2
D:2:      layout_loops_ring

Skill      XL: |  1  2 |
---------------+-------+-----
Axes           | 4 5 |  5.6
Fighting       | |  2.4
Throwing       | |  2.0
Dodging        | |  3.2

Action                   || total
-------------------------++-------
Melee: War axe           ||    60
       Headbutt          ||     7
       Punch             ||     1
 Stab: Distracted        ||     1
Armor: Leather armour    ||     8
       Ring mail         ||     8
Dodge: Dodged            ||    48

Table legend: (Time is in decaauts)
 A = Elapsed time spent in this place.
 B = Non-inter-level travel time spent in this place.
 C = Inter-level travel time spent in this place.
 D = Time resting spent in this place.
 E = Time spent auto-exploring this place.
 F = Levels seen in this place.
 G = Mean time per level.
                   A        B        C        D        E       F      G
               +--------+--------+--------+--------+--------+-----+--------+
         Total |    894 |    864 |     30 |      0 |    626 |   2 |  447.0 |
       Dungeon |    894 |    864 |     30 |      0 |    626 |   2 |  447.0 |
               +--------+--------+--------+--------+--------+-----+--------+

Top non-repeatable levels by time:
     D:1: 667 daAuts
     D:2: 227 daAuts
